 Dungeon Crawl Stone Soup version 0.31.0-9-g3a7656b989 (webtiles) character file.

Game seed: 14656407651678976139

1295 Heoruswealwe the Thaumaturge (level 8, -9/41 HPs)
             Began as a Deep Elf Conjurer on Jan 26, 2024.
             Was a Follower of Vehumet.
             Killed from afar by a steam dragon (20 damage)
             ... with a ball of steam
             ... on level 6 of the Dungeon.
             The game lasted 00:53:00 (5245 turns).

Heoruswealwe the Thaumaturge (Deep Elf Conjurer)    Turns: 5245, Time: 00:53:03

Health: -9/41      AC:  9    Str:  4    XL:     8   Next: 30%
Magic:  19/23      EV: 12    Int: 30    God:    Vehumet [*.....]
Gold:   226        SH:  0    Dex: 13    Spells: 14/26 levels left

rFire   . . .        b - +12 mace "Ridaox" {venom, rPois Will- Int+4}
rCold   . . .        (no shield)
rNeg    . . .        c - +2 robe {Will+}
rPois   +            g - +0 helmet
rElec   .            h - +1 cloak
rCorr   .            f - +0 pair of gloves
SInv    .            e - +0 pair of boots
Will    .....        (no amulet)
Stlth   ++           k - ring of wizardry
HPRegen 0.26/turn    (no ring)
MPRegen 0.18/turn

%: wizardry (x1)
@: no status effects
A: no striking features
a: Renounce Religion


You were on level 6 of the Dungeon.
You worshipped Vehumet.
Vehumet was aware of your devotion.
You visited 2 branches of the dungeon, and saw 7 of its levels.

You collected 226 gold pieces.

Inventory:

Hand Weapons
 a - a +0 war axe
 b - the +12 mace "Ridaox" (weapon) {venom, rPois Will- Int+4}
   (You found it on level 4 of the Dungeon)

   Int+4:     It affects your intelligence (+4).
   rPois:     It protects you from poison Will-: It decreases your willpower.
Armour
 c - a +2 robe of willpower (worn)
 e - a +0 pair of boots (worn)
 f - a +0 pair of gloves (worn)
 g - a +0 helmet (worn)
 h - a +1 cloak (worn)
Jewellery
 k - a ring of wizardry (left hand)
Wands
 v - a wand of iceblast (7)
Scrolls
 i - 2 scrolls of vulnerability {unknown}
 j - 2 scrolls of fog {unknown}
 l - 2 scrolls of identify {unknown}
 p - a scroll of amnesia {unknown}
 q - 5 scrolls of enchant weapon {unknown}
 r - 2 scrolls of fear {unknown}
 u - 2 scrolls of silence {unknown}
 y - a scroll of summoning {unknown}
 B - a scroll of blinking {unknown}
Potions
 d - a potion of ambrosia {unknown}
 m - 3 potions of curing {unknown}
 n - a potion of haste {unknown}
 o - 2 potions of resistance {unknown}
 s - a potion of lignification {unknown}
 t - a potion of brilliance {unknown}
 w - a potion of mutation {unknown}
 x - 3 potions of cancellation {unknown}
 z - a potion of might {unknown}
 A - a potion of attraction {unknown}


   Skills:
 - Level 2.4 Dodging
 - Level 2.4 Stealth
 + Level 9.8 Spellcasting
 + Level 9.0 Conjurations


You had 14 spell levels left.
You knew the following spells:

 Your Spells              Type           Power      Damage    Failure   Level
a - Magic Dart            Conj           100%       1d8       1%          1
b - Kiss of Death         Conj/Necr      100%       2d13      1%          1
c - Searing Ray           Conj           100%       2d8       1%          2
d - Iskenderun's Mystic   Conj/Tloc      41%        2d9       2%          4
e - Fulminant Prism       Conj/Alch      20%        3d12      2%          4

Your spell library contained the following spells:

 Spells                   Type           Power      Damage    Failure   Level
 Cigotuvi's Dreadful Rot  Necr/Alch/Air  28%        N/A       2%          2
 Scorch                   Fire           28%        2d6       2%          2
 Flame Wave               Conj/Fire      41%        2d11      2%          4
 Fugue of the Fallen      Necr           14%        N/A       4%          3
 Freezing Cloud           Conj/Ice/Air   16%        6-21      12%         5
 Ignite Poison            Fire/Alch      14%        N/A       14%         4
 Summon Cactus Giant      Summ           7%         N/A       89%         6
 Maxwell's Capacitive Co  Air            7%         ∞         100%        8
 Death's Door             Necr           7%         N/A       100%        9


Dungeon Overview and Level Annotations

Branches:
Dungeon (6/15)             Temple (1/1) D:4

Altars:
Cheibriados
Dithmenos
Elyvilon
Fedhas
Gozag
Hepliaklqana
Kikubaaqudgha
Makhleb
Nemelex Xobeh
Qazlal
Trog
Uskayaw
Vehumet
Wu Jian
Xom
Yredelemnul
Zin
The Shining One


Message History

A nearby fungus withers and dies.
The fungus is engulfed in a cloud of scalding steam.
Casting: Searing Ray (safe; 1% risk of failure)
Confirm with . or Enter, or press ? or * to list all spells.
Aiming: Searing Ray (safe; 1% risk of failure)
Press: ? - help, Shift-Dir - straight line, f - steam dragon
Aim: a steam dragon (catching its breath, 83% to hit)
The searing ray hits the steam dragon.
The steam dragon is lightly wounded.
The searing ray hits the steam dragon!
The steam dragon is moderately wounded. (Press . to maintain the ray.)
You are engulfed in a cloud of scalding steam.
The fungus is engulfed in a cloud of scalding steam.
The steam dragon bites the fungus!
The steam dragon claws the fungus.
The searing ray hits the steam dragon.
The steam dragon is moderately wounded.
The searing ray hits the steam dragon!
The steam dragon is severely wounded.
You are engulfed in a cloud of scalding steam.
The fungus is engulfed in a cloud of scalding steam.
The steam dragon bites you but does no damage.
The steam dragon closely misses you.
The searing ray hits the steam dragon!
The steam dragon is heavily wounded.
The searing ray hits the steam dragon.
The steam dragon is almost dead.
You are engulfed in a cloud of scalding steam.
The fungus is engulfed in a cloud of scalding steam.
The steam dragon bites you!
* * * LOW HITPOINT WARNING * * *
The steam dragon barely misses you.
The fungus is engulfed in a cloud of scalding steam.
A nearby fungus withers and dies.
The steam dragon attacks as it pursues you!
The steam dragon closely misses you. The steam dragon barely misses you.
The steam dragon breathes steam at you.
The ball of steam hits the steam dragon.
The steam dragon resists.
The ball of steam hits you!!
You die...

# #...# #
#(.^# #
##..# #
#..# #
#~.## #
#~..# #
#...# #
#...# #
#.@[# #
#.D≈#
#~D.#
#P§)P~#
#PP....#
#.~....~.
#^P....P~#
#≈.....~##
##PP..P.#


You could see 2 steam dragons.

Vanquished Creatures
  Edmund (D:5)
  An orc warrior (D:6)
  A sky beast (D:6)
  A black bear (D:5)
  A phantom (D:5)
  A scorpion (D:6)
  A howler monkey (D:5)
  3 bombardier beetles
  2 orc priests (D:4)
  2 gnoll boudas (D:6)
  4 hounds
  A jelly (D:5)
  3 sleepcaps
  An iguana (D:5)
  2 orc wizards (D:6)
  5 adders
  6 gnolls
  3 ribbon worms
  4 dart slugs
  17 orcs
  7 ball pythons
  6 endoplasms
  3 giant cockroaches
  6 goblins
  7 hobgoblins
  4 jackals (D:4)
  3 quokkas
  6 bats
  A frilled lizard (D:1)
  14 kobolds
  5 rats
122 creatures vanquished.

Notes
Turn   | Place    | Note
-------+----------+-------------------------------------------
     0 | D:1      | Heoruswealwe the Deep Elf Conjurer began the quest for the
                  | Orb.
     0 | D:1      | Reached XP level 1. HP: 10/10 MP: 6/6
   126 | D:1      | Reached XP level 2. HP: 15/15 MP: 2/8
   129 | D:1      | Learned a level 2 spell: Searing Ray
   481 | D:1      | Reached skill level 5 in Conjurations
   481 | D:1      | Reached XP level 3. HP: 19/19 MP: 7/10
   599 | D:1      | Got Haemoow's Compendium of Galvanic Cadavers
  1525 | D:3      | Found a hide-covered altar of Uskayaw.
  1546 | D:3      | Reached XP level 4. HP: 24/24 MP: 5/12
  1551 | D:3      | Learned a level 4 spell: Fulminant Prism
  1556 | D:3      | Learned a level 4 spell: Iskenderun's Mystic Blast
  1652 | D:3      | Found a faded altar of an unknown god.
  1728 | D:3      | Found a hazy altar of Hepliaklqana.
  1848 | D:3      | Found a glowing silver altar of Zin.
  1848 | D:3      | Noticed an angel
  2240 | D:3      | Found a glowing golden altar of the Shining One.
  2306 | D:3      | Found an ornate altar of the Wu Jian Council.
  2390 | D:4      | Reached skill level 5 in Spellcasting
  2395 | D:4      | Identified the +12 mace "Ridaox" {venom, rPois Will- Int+4}
  2510 | D:4      | Found a staircase to the Ecumenical Temple.
  2526 | Temple   | Entered the Ecumenical Temple
  2706 | Temple   | Became a worshipper of Vehumet
  2855 | D:4      | Reached XP level 5. HP: 28/28 MP: 5/14
  3085 | D:4      | Found a shimmering altar of Xom.
  3167 | D:4      | Found a burning altar of Makhleb.
  3521 | D:5      | Entered Level 5 of the Dungeon
  3565 | D:5      | Reached XP level 6. HP: 32/32 MP: 11/17
  3866 | D:5      | Found a bloodstained altar of Trog.
  3867 | D:5      | Reached * piety under Vehumet
  3867 | D:5      | Offered knowledge of Kiss of Death by Vehumet.
  3881 | D:5      | Learned a level 1 spell: Kiss of Death
  4044 | D:5      | Reached XP level 7. HP: 36/36 MP: 11/19
  4381 | D:5      | Noticed Edmund
  4398 | D:5      | Killed Edmund
  4670 | D:6      | Reached XP level 8. HP: 41/41 MP: 18/23
  5245 | D:6      | Killed from afar by a steam dragon

Illustrated notes

Levels and vault maps discovered:
D:1:      evilmike_arrival_plus, layout_loops_ring
D:2:      minmay_general_purpose_star, layout_basic
D:3:      layout_rooms, nicolae_tso_carved_into_rock,
          mainiacjoe_overflow_tiny_flanked, zin_angel,
          nzn_hepliaklqana_mist_gate, nicolae_uskayaw_suspiria,
          dilly_ecumenical_altar_fadedgnrine, nrook_loot_triangle,
          roderic_lattice_a
D:4:      layout_basic, kennysheep_mini_moat, makhleb_heckhound_becter,
          minmay_temple_entry_tees, serial_curves, eino_curves_02,
          eino_curves_02, kennysheep_cross_bottleneck
D:5:      layout_loops_corners, trog_hazing_becter,
          chequers_serial_rivers_micro_b, kennysheep_generic_room_4, uniq_edmund
D:6:      kennysheep_steamy, layout_basic, kennysheep_orc_sif_temple,
          nicolae_grassy_gnolls
Temple:   cyrus_temple_forest

Skill      XL: |  1  2  3  4  5  6  7  8 |
---------------+-------------------------+-----
Spellcasting   | 4 5 6 7 9 |  9.8
Conjurations   | 5 6 7 8 9 |  9.0
Dodging        | |  2.4
Stealth        | |  2.4

Action                     |  1- 3 |  4- 6 |  7- 9 || total
---------------------------+-------+-------+-------++-------
  Melee: Unarmed           |     1 |       |       ||     1
         Mace              |       |    65 |    22 ||    87
         Long sword        |       |    23 |       ||    23
         Punch             |       |     4 |     1 ||     5
   Cast: Magic Dart        |    96 |    66 |    22 ||   184
         Searing Ray       |       |    14 |    20 ||    34
         Iskenderun's Myst |       |       |     5 ||     5
    Use: Scroll            |       |     1 |       ||     1
         Potion            |       |       |     1 ||     1
   Stab: Sleeping          |       |     2 |       ||     2
 Armour: Robe              |     7 |     5 |    23 ||    35
  Dodge: Dodged            |     5 |     8 |    25 ||    38
